 Dungeon Crawl Stone Soup version 0.28-a0-863-g8cecda6153 (webtiles) character file.

Game seed: 15868597065437707758

405 kae the Chiller (level 6, 0/47 HPs)
             Began as a Merfolk Ice Elementalist on Nov 18, 2021.
             Slain by Pikel (10 damage)
             ... on level 4 of the Dungeon.
             The game lasted 00:03:29 (6524 turns).

kae the Chiller (Merfolk Ice Elementalist)          Turns: 6524, Time: 00:03:29

Health: 0/47       AC:  4    Str: 10    XL:     6   Next: 87%
Magic:  7/11       EV: 12    Int: 15    God:
Gold:   972        SH:  0    Dex: 14    Spells: 1/12 levels left

rFire   + . .      SeeInvis .   a - +1 halberd
rCold   . . .      Faith    .   (shield currently unavailable)
rNeg    . . .      Spirit   .   h - +1 robe
rPois   .          Reflect  .   j - +1 hat
rElec   .          Harm     .   (no cloak)
rCorr   .          Rampage  .   (no gloves)
Will    .....                   (no boots)
Stlth   ++........              (no amulet)
HPRegen 0.15/turn               i - ring of protection from fire
MPRegen 0.12/turn               (no ring)

@: no status effects
A: (nimble swimmer 2), mertail
a: no special abilities


You were on level 4 of the Dungeon.
You visited 1 branch of the dungeon, and saw 5 of its levels.

You collected 972 gold pieces.

Inventory:

Hand Weapons
 a - a +1 halberd (weapon)
 b - a +0 spear
 d - a +0 long sword
Armour
 h - a +1 robe (worn)
 j - a +1 hat (worn)
Jewellery
 i - a ring of protection from fire (left hand)
Scrolls
 m - a scroll of enchant armour
 o - a scroll of vulnerability {unknown}
 r - 2 scrolls of identify {unknown}
 s - a scroll of magic mapping {unknown}
Potions
 c - a potion of degeneration {unknown}
 e - a potion of magic {unknown}
 f - a potion of attraction {unknown}
 g - a potion of lignification {unknown}
 k - a potion of flight {unknown}
 l - a potion of resistance {unknown}
 n - a potion of brilliance {unknown}
 q - a potion of curing {unknown}


   Skills:
 + Level 3.3 Fighting
 - Level 2.6 Dodging
 - Level 2.1 Stealth
 + Level 3.6 Spellcasting
 * Level 6.9 Ice Magic


You had one spell level left.
You knew the following spells:

 Your Spells              Type           Power      Damage    Failure   Level
a - Freeze                Ice            92%        1d10      1%          1
b - Frozen Ramparts       Ice            46%        1d6       3%          3
c - Ozocubu's Armour      Ice            23%        N/A       3%          3
d - Hailstorm             Conj/Ice       13%        3d5       41%         4

Your spell library contained the following spells:

 Spells                   Type           Power      Damage    Failure   Level
 Animate Dead             Necr           1%         N/A       88%         4
 Borgnjor's Vile Clutch   Necr/Erth      1%         N/A       99%         5
 Death Channel            Necr           1%         N/A       100%        6


Dungeon Overview and Level Annotations

Branches:
Dungeon (5/15)
 Temple: D:4-7

Altars:

Annotations:
D:4 Edmund, Pikel


Innate Abilities, Weirdness & Mutations

((You are quick and stealthy near water. (Stealth+, EV+, Speed+++)))
Your lower body shifts to a powerful aquatic tail in water.


Message History

Casting: Freeze (safe; 1% risk of failure)
Confirm with . or Enter, or press ? or * to list all spells.
Aiming: Freeze (safe; 1% risk of failure)
Press: ? - help, Shift-Dir - straight line, f/p - Pikel
Aim: Pikel, wielding a +1 whip of flaming and wearing a +0 robe (lightly wounded)
You freeze Pikel.
Pikel is moderately wounded.
The wall freezes Pikel!
Pikel hits you with a +1 whip of flaming!
The wall freezes the lemure.
The lemure hits you.
The wall freezes the lemure.
The lemure hits you.
Casting: Freeze (safe; 1% risk of failure)
Confirm with . or Enter, or press ? or * to list all spells.
Aiming: Freeze (safe; 1% risk of failure)
Press: ? - help, Shift-Dir - straight line, f/p - Pikel
Aim: Pikel, wielding a +1 whip of flaming and wearing a +0 robe (heavily wounded)
You freeze Pikel.
Pikel is heavily wounded.
The wall freezes Pikel.
Pikel hits you with a +1 whip of flaming!
* * * LOW HITPOINT WARNING * * *
Pikel burns you.
* * * LOW HITPOINT WARNING * * *
The wall freezes the lemure.
The wall freezes the lemure!
The lemure hits you but does no damage.
The wall freezes the lemure.
The lemure barely misses you.
Okay, then.
Okay, then.
Your frozen ramparts will break if you move.
Continue?
The frozen ramparts melt away as you move.
You see here 19 stones.
Pikel says, "I knew I should've brought a map."
A scorpion zombie comes into view.
There is a stone staircase leading up here.
Pikel closely misses you.
You climb upwards.
Level annotation: Edmund
There is a stone staircase leading down here.
Pikel hits you with a +1 whip of flaming!
You die...

#.............##..###..
#.##############.## #..
#.# #.# #.. #.#
##########.####.. #.#
#...............# #.#
#.########.##.... ##.##
#.# #....... #...####.#
######.# #.>...K@.# #.#
#...###### #.# #####
#.# #.. ###


You could see Pikel.

Vanquished Creatures
  A scorpion (D:4)
  A hound (D:5)
  A jelly (D:3)
  An orc wizard (D:3)
  An iguana (D:4)
  A scorpion zombie (D:5)
  3 gnolls (D:2)
  7 adders
  A white imp (D:5)
  A worm (D:3)
  2 dart slugs
  9 orcs
  10 ball pythons
  7 endoplasms
  2 giant cockroaches
  7 goblins
  6 hobgoblins
  14 jackals
  10 kobolds
  2 quokkas
  5 bats
  5 frilled lizards
  5 rats
102 creatures vanquished.

Notes
Turn   | Place    | Note
-------+----------+-------------------------------------------
     0 | D:1      | kae the Merfolk Ice Elementalist began the quest for the
                  | Orb.
     0 | D:1      | Reached XP level 1. HP: 13/13 MP: 3/3
   396 | D:1      | Reached XP level 2. HP: 20/20 MP: 3/5
   556 | D:1      | Reached skill level 1 in Fighting
   923 | D:1      | Found a faded altar of an unknown god.
   979 | D:1      | Reached XP level 3. HP: 26/26 MP: 4/6
  1174 | D:2      | Reached skill level 5 in Ice Magic
  1953 | D:2      | Reached XP level 4. HP: 9/33 MP: 1/7
  2233 | D:2      | Learned a level 3 spell: Frozen Ramparts
  3790 | D:3      | Reached XP level 5. HP: 38/38 MP: 9/9
  3943 | D:3      | Reached skill level 6 in Ice Magic
  4993 | D:4      | Noticed Edmund
  5228 | D:4      | Reached XP level 6. HP: 47/47 MP: 4/10
  6032 | D:5      | Entered Level 5 of the Dungeon
  6034 | D:5      | Identified a scroll of acquirement
  6034 | D:5      | Acquired 812 gold pieces
  6223 | D:5      | Learned a level 3 spell: Ozocubu's Armour
  6228 | D:5      | Learned a level 4 spell: Hailstorm
  6497 | D:5      | Noticed Pikel
  6524 | D:4      | Slain by Pikel

Illustrated notes

Levels and vault maps discovered:
D:1:      dpeg_arrival_windows_large_door, layout_loops_cross,
          shapermc_ecumenical_altar_flowoftime, minmay_misc_feat_more_columns
D:2:      layout_basic
D:3:      layout_loops_corners, minmay_misc_feat_alley, minmay_misc_feat_square,
          kennysheep_generic_room_4
D:4:      layout_loops_ring, uniq_edmund
D:5:      wad_crossroads, layout_rooms, mainiacjoe_overflow_24_doors,
          minmay_lizard_king, uniq_pikel

Skill      XL: |  1  2  3  4  5 |
---------------+----------------+-----
Fighting       | 1 2 3 |  3.3
Ice Magic      | 5 6 |  6.9
Spellcasting   | 3 |  3.6
Dodging        | |  2.6
Stealth        | |  2.1

Action                   |  1- 3 |  4- 6 || total
-------------------------+-------+-------++-------
Melee: Unarmed           |    15 |       ||    15
       Long sword        |    36 |     3 ||    39
       Halberd           |       |   164 ||   164
 Cast: Freeze            |    36 |    32 ||    68
       Frozen Ramparts   |       |     8 ||     8
  Use: Scroll            |     1 |     5 ||     6
 Stab: Sleeping          |     1 |    10 ||    11
Armor: Robe              |    19 |    55 ||    74
Dodge: Dodged            |    68 |   145 ||   213

Table legend: (Time is in decaauts)
 A = Elapsed time spent in this place.
 B = Non-inter-level travel time spent in this place.
 C = Inter-level travel time spent in this place.
 D = Time resting spent in this place.
 E = Time spent auto-exploring this place.
 F = Levels seen in this place.
 G = Mean time per level.
                   A        B        C        D        E       F      G
               +--------+--------+--------+--------+--------+-----+--------+
         Total |   6621 |   6382 |    239 |   1348 |   4225 |   5 | 1324.2 |
       Dungeon |   6621 |   6382 |    239 |   1348 |   4225 |   5 | 1324.2 |
               +--------+--------+--------+--------+--------+-----+--------+

Top non-repeatable levels by time:
     D:1: 1813 daAuts
     D:2: 1575 daAuts
     D:3: 1518 daAuts
     D:4: 1213 daAuts
     D:5: 500 daAuts
